 Dungeon Crawl Stone Soup version 0.30.0-15-g856e2d3f33 (webtiles) character file.

Game seed: 3119568571697265418

155 Strat the Chiller (level 5, -3/31 (35) HPs)
             Began as a Formicid Ice Elementalist on May 19, 2023.
             Slain by a wight
             ... wielding a +3 hand axe
              (9 damage)
             ... on level 4 of the Dungeon.
             The game lasted 00:05:36 (2357 turns).

Strat the Chiller (Formicid Ice Elementalist)       Turns: 2357, Time: 00:05:36

HP:   -3/31 (35)    AC:  4    Str: 13    XL:     5   Next: 63%
MP:   8/11          EV: 11    Int: 16    God:
Gold: 147           SH:  0    Dex: 14    Spells: 6/13 levels left

rFire   . . .        a - +0 spear
rCold   . . .        (no shield)
rNeg    . . .        h - +0 leather armour
rPois   .            (helmet unavailable)
rElec   .            (no cloak)
rCorr   .            (no gloves)
SInv    +            D - +0 pair of boots
Will    .....        (no amulet)
Stlth   ++           (no ring)
HPRegen 0.25/turn    (no ring)
MPRegen 0.12/turn

%: no passive effects
@: freezing walls, heavily drained
A: permanent stasis, dig shafts and tunnels, antennae 3, four strong arms
a: Dig, Shaft Self


You were on level 4 of the Dungeon.
You visited 1 branch of the dungeon, and saw 4 of its levels.

You collected 147 gold pieces.

Inventory:

Hand Weapons
 a - a +0 spear (weapon)
 b - a +2 sling of freezing
Missiles
 p - 5 poisoned darts
Armour
 h - a +0 leather armour (worn)
 w - a +0 kite shield
 D - a +0 pair of boots (worn)
Jewellery
 s - a ring of resist corrosion
 B - a ring of willpower
Scrolls
 c - a scroll of poison {unknown}
 f - 2 scrolls of enchant armour {unknown}
 g - a scroll of teleportation {unknown}
 i - 3 scrolls of summoning {unknown}
 j - 2 scrolls of amnesia {unknown}
 n - a scroll of silence {unknown}
 t - a scroll of noise {unknown}
 u - a scroll of enchant weapon {unknown}
 x - 2 scrolls of identify {unknown}
 y - a scroll of blinking {unknown}
 E - a scroll of fear {unknown}
Potions
 d - 2 potions of haste {unknown}
 e - 2 potions of brilliance {unknown}
 k - a potion of might {unknown}
 l - 2 potions of attraction {unknown}
 m - 2 potions of curing {unknown}
 o - 2 potions of degeneration {unknown}
 q - a potion of cancellation {unknown}
 r - a potion of invisibility {unknown}
 v - a potion of flight {unknown}
 z - a potion of heal wounds {unknown}
 A - a potion of magic
 C - a potion of ambrosia {unknown}


   Skills:
 - Level 1.7 Dodging
 - Level 2.4 Stealth
 + Level 4.5 Spellcasting
 - Level 5.0 Ice Magic


You had 6 spell levels left.
You knew the following spells:

 Your Spells              Type           Power      Damage    Failure   Level
a - Freeze                Ice            76%        1d8       2%          1
b - Frozen Ramparts       Ice            38%        1d6       8%          3
c - Ozocubu's Armour      Ice            19%        N/A       8%          3

Your spell library contained the following spells:

 Spells                   Type           Power      Damage    Failure   Level
 Apportation              Tloc           6%         N/A       21%         1
 Summon Ice Beast         Ice/Summ       11%        N/A       56%         4
 Alistair's Intoxication  Tmut/Pois      2%         N/A       99%         5
 Summon Forest            Summ/Tloc      1%         N/A       99%         5
 Eringya's Noxious Bog    Tmut/Pois      1%         N/A       100%        6
 Summon Hydra             Summ           1%         N/A       100%        7


Dungeon Overview and Level Annotations

Branches:
Dungeon (4/15)
 Temple: D:4-7

Altars:
Cheibriados
Dithmenos


Innate Abilities, Weirdness & Mutations

You cannot be hasted, slowed, berserked, paralysed or teleported.
You can dig through walls and to a lower floor.
You have a pair of large antennae on your head. (SInv)
Your four strong arms can wield two-handed weapons with a shield.


Message History

Things that are here:
a +0 chain mail; a +0 short sword; an orc skeleton
Casting: Frozen Ramparts (dangerous; 8% risk of failure)
Confirm with . or Enter, or press ? or * to list all spells.
Casting: Frozen Ramparts (dangerous; 8% risk of failure)
Press: ? - help, Dir - look around, f - activate The walls around you are covered in ice.
You reach to attack!
You hit the wight but do no damage.
The wall freezes the wight but does no damage.
You hit the wight.
The wight is moderately damaged.
The wall freezes the wight but does no damage.
The wight hits you with a +3 hand axe.
You feel drained.
The wall freezes the wight but does no damage.
The wight hits you with a +3 hand axe!
* * * LOW HITPOINT WARNING * * *
You feel drained.
* * * LOW HITPOINT WARNING * * *
You barely miss the wight.
The wight is moderately damaged.
The wall freezes the wight but does no damage.
The wight closely misses you.
You closely miss the wight.
The wight is moderately damaged.
The wight completely resists.
The wall freezes the wight but does no damage.
The wight misses you.
You hit the wight but do no damage.
The wight is moderately damaged.
The wall freezes the wight but does no damage.
The wight hits you with a +3 hand axe!
* * * LOW HITPOINT WARNING * * *
You feel drained.
* * * LOW HITPOINT WARNING * * *
You barely miss the wight.
The wight is moderately damaged.
The wight completely resists.
The wall freezes the wight but does no damage.
The wight hits you with a +3 hand axe!
You die...

...###.# #..##.#
#.##.# ##
#....### ..
#.#....### .#
#.####...### #.#
#....###...##
..# ####.#
###..#
#####..####. #.#
##@#
#.....z..... #.#
#z###.#########.
#.### #.[>..# {
#...# ###)### {
{ ###.#
##...#########
#.#
#............#
#.#
#............###
. ###.#
#..............#
....####...#
#............#.#


You could see a wight.

Vanquished Creatures
  A hound (D:4)
  A gnoll bouda (D:4)
  3 gnolls (D:4)
  3 adders
  2 worms
  A dart slug (D:2)
  An orc (D:4)
  4 ball pythons
  2 endoplasms
  2 giant cockroaches
  3 goblins (D:3)
  3 hobgoblins
  2 jackals (D:3)
  A kobold (D:4)
  A quokka (D:1)
  3 bats
  A frilled lizard (D:2)
  3 rats
37 creatures vanquished.

Notes
Turn   | Place    | Note
-------+----------+-------------------------------------------
     0 | D:1      | Strat the Formicid Ice Elementalist began the quest for the
                  | Orb.
     0 | D:1      | Reached XP level 1. HP: 13/13 MP: 3/3
   386 | D:1      | Reached XP level 2. HP: 19/19 MP: 3/5
   776 | D:2      | Reached XP level 3. HP: 22/24 MP: 1/6
   849 | D:2      | Reached skill level 5 in Ice Magic
   889 | D:2      | Learned a level 3 spell: Frozen Ramparts
  1262 | D:3      | Found a shadowy altar of Dithmenos.
  1502 | D:3      | Found a snail-covered altar of Cheibriados.
  1547 | D:3      | Reached XP level 4. HP: 20/30 MP: 1/8
  1606 | D:3      | Learned a level 3 spell: Ozocubu's Armour
  2202 | D:4      | Reached XP level 5. HP: 35/35 MP: 6/10
  2357 | D:4      | Slain by a wight

Illustrated notes

Levels and vault maps discovered:
D:1:      minmay_arrival_cross, layout_basic, minmay_misc_feat_plants
D:2:      layout_rooms
D:3:      layout_basic, mainiacjoe_overflow_boulevard,
          mainiacjoe_overflow_catwalk
D:4:      layout_basic, kennysheep_vampire_church, minmay_temple_entry_tees

Skill      XL: |  1  2  3  4  5 |
---------------+----------------+-----
Ice Magic      | 5 |  5.0
Spellcasting   | 3 4 |  4.5
Dodging        | |  1.7
Stealth        | |  2.4

Action                     |  1- 3 |  4- 6 || total
---------------------------+-------+-------++-------
  Melee: Whip              |    12 |       ||    12
         Spear             |    44 |    18 ||    62
         Punch             |     1 |       ||     1
   Fire: Sling             |       |    20 ||    20
   Cast: Freeze            |    24 |     1 ||    25
         Frozen Ramparts   |     2 |     5 ||     7
   Stab: Sleeping          |     4 |       ||     4
 Armour: Robe              |     5 |       ||     5
         Leather armour    |     9 |     4 ||    13
  Dodge: Dodged            |    46 |    20 ||    66
